 Dungeon Crawl Stone Soup version 0.29.1-12-g30fa7ad0bf (webtiles) character file.

Game seed: 1346687979750005004

422 growler the Magician (level 6, -7/41 HPs)
             Began as a Demonspawn Hedge Wizard on Dec 31, 2022.
             Mangled by an ogre
             ... wielding a +0 giant club
              (15 damage)
             ... on level 5 of the Dungeon.
             The game lasted 00:12:31 (5159 turns).

growler the Magician (Demonspawn Hedge Wizard)      Turns: 5159, Time: 00:12:32

Health: -7/41      AC:  5    Str: 10    XL:     6   Next: 63%
Magic:  8/14       EV: 12    Int: 23    God:
Gold:   311        SH:  0    Dex: 13    Spells: 13/16 levels left

rFire   . . .      SeeInvis .   n - +5 dagger "Pior" {flame, rCorr Int+6}
rCold   . . .      Faith    .   (no shield)
rNeg    . . .      Spirit   .   b - +0 robe
rPois   .          Reflect  .   c - +0 hat
rElec   .          Harm     .   (no cloak)
rCorr   +          Rampage  .   (no gloves)
Will    .....                   w - +2 pair of boots
Stlth   ++........              (no amulet)
HPRegen 0.13/turn               (no ring)
MPRegen 0.14/turn               (no ring)

@: no status effects
A: demonic magic 1, demonic touch 1
a: no special abilities


You were on level 5 of the Dungeon.
You visited 1 branch of the dungeon, and saw 5 of its levels.

You collected 311 gold pieces.

Inventory:

Hand Weapons
 a - a +0 dagger
 f - a +2 dagger of draining
 n - the +5 dagger "Pior" (weapon) {flame, rCorr Int+6}
   (You found it on level 2 of the Dungeon)

   It burns those it strikes, dealing additional fire damage.
   Int:       It affects your intelligence (+6).
   rCorr:     It protects you from acid and corrosion.
Armour
 b - a +0 robe (worn)
 c - a +0 hat (worn)
 w - a +2 pair of boots (worn)
Jewellery
 t - a ring of resist corrosion
 v - a ring of magical power
 A - an amulet of regeneration
Wands
 z - a wand of roots (7)
Scrolls
 e - a scroll of acquirement {unknown}
 g - a scroll of noise {unknown}
 i - 2 scrolls of immolation
 j - a scroll of amnesia {unknown}
 k - 2 scrolls of torment {unknown}
 o - 4 scrolls of teleportation {unknown}
 s - a scroll of brand weapon {unknown}
 y - a scroll of enchant armour {unknown}
 B - 2 scrolls of blinking {unknown}
Potions
 d - a potion of magic
 h - 3 potions of heal wounds {unknown}
 l - a potion of flight
 m - 2 potions of might
 p - 2 potions of ambrosia
 q - 2 potions of curing
 r - a potion of lignification {unknown}
 u - a potion of mutation {unknown}
 x - a potion of degeneration {unknown}


   Skills:
 - Level 1.9 Dodging
 - Level 1.9 Stealth
 + Level 5.7 Spellcasting
 - Level 4.0 Conjurations
 - Level 1.2 Summonings
 - Level 1.1 Translocations


You had 13 spell levels left.
You knew the following spells:

 Your Spells              Type           Power      Damage    Failure   Level
a - Magic Dart            Conj           100%       1d8       1%          1
b - Blink                 Tloc           22%        N/A       9%          2

Your spell library contained the following spells:

 Spells                   Type           Power      Damage    Failure   Level
 Slow                     Hex            24%        N/A       9%          1
 Sting                    Tmut/Pois      24%        1d4       9%          1
 Call Imp                 Summ           12%        N/A       9%          2
 Conjure Flame            Conj/Fire      15%        6-21      12%         3
 Ensorcelled Hibernation  Hex/Ice        12%        N/A       13%         2
 Passwall                 Tmut/Erth      5%         N/A       13%         2
 Poisonous Vapours        Pois/Air       12%        N/A       13%         2
 Mephitic Cloud           Conj/Pois/Air  12%        N/A       16%         3
 Gell's Gravitas          Tloc           11%        N/A       17%         3
 Lesser Beckoning         Tloc           11%        N/A       17%         3
 Teleport Other           Tloc           11%        N/A       17%         3
 Swiftness                Air            6%         N/A       26%         3
 Olgreb's Toxic Radiance  Pois           6%         N/A       65%         4


Dungeon Overview and Level Annotations

Branches:
Dungeon (5/15)
 Temple: D:4-7

Altars:
Dithmenos

Shops:
D:3 (   D:4 *[

Annotations:
D:1 1 transporter


Innate Abilities, Weirdness & Mutations

Spells you cast may paralyse adjacent enemies.
Your touch may inflict minor irresistible damage on your foes.


Message History

The magic dart hits the ogre.
The ogre is moderately wounded.
Malevolent energies surge around you.
Casting: Magic Dart (safe; 1% risk of failure)
Confirm with . or Enter, or press ? or * to list all spells.
Aiming: Magic Dart (safe; 1% risk of failure)
Press: ? - help, Shift-Dir - straight line, f/p - ogre
Aim: an ogre, wielding a +0 giant club (moderately wounded, 100% to hit)
The magic dart hits the ogre.
The ogre is moderately wounded.
Malevolent energies surge around you. The ogre hits you with a +0 giant club!
Casting: Magic Dart (safe; 1% risk of failure)
Confirm with . or Enter, or press ? or * to list all spells.
Aiming: Magic Dart (safe; 1% risk of failure)
Press: ? - help, Shift-Dir - straight line, f/p - ogre
Aim: an ogre, wielding a +0 giant club (moderately wounded, 100% to hit)
The magic dart hits the ogre.
The ogre is moderately wounded.
Malevolent energies surge around you.
Casting: Magic Dart (safe; 1% risk of failure)
Confirm with . or Enter, or press ? or * to list all spells.
Aiming: Magic Dart (safe; 1% risk of failure)
Press: ? - help, Shift-Dir - straight line, f/p - ogre
Aim: an ogre, wielding a +0 giant club (moderately wounded, 100% to hit)
The magic dart hits the ogre.
The ogre is heavily wounded.
Malevolent energies surge around you.
The ogre hits you with a +0 giant club!!
Ouch! That really hurt!
* * * LOW HITPOINT WARNING * * *
Unknown command.
Casting: Magic Dart (safe; 1% risk of failure)
Confirm with . or Enter, or press ? or * to list all spells.
Aiming: Magic Dart (safe; 1% risk of failure)
Press: ? - help, Shift-Dir - straight line, f/p - ogre
Aim: an ogre, wielding a +0 giant club (heavily wounded, 100% to hit)
The magic dart hits the ogre.
The ogre is severely wounded.
Malevolent energies surge around you. The ogre hits you with a +0 giant club!
You die...

#.# #.#
#.# #.#
#.# #.#
#.# #.#
#.# #.#
#.#
#.##
#.#
#...
#####.#
####
#@....#
#O#####
#.# ...
####


You could see an ogre.

Vanquished Creatures
  2 hounds (D:5)
  2 jellies (D:4)
  An iguana (D:4)
  2 orc wizards
  Natasha (thrice) (D:3)
  5 adders
  A shadow imp (D:4)
  A worm (D:4)
  3 dart slugs
  9 orcs
  7 ball pythons
  12 endoplasms
  A giant cockroach (D:1)
  7 goblins
  5 hobgoblins
  4 jackals (D:2)
  6 quokkas
  7 bats
  A frilled lizard (D:2)
  6 kobolds
  4 rats
89 creatures vanquished.

Notes
Turn   | Place    | Note
-------+----------+-------------------------------------------
     0 | D:1      | growler the Demonspawn Hedge Wizard began the quest for the
                  | Orb.
     0 | D:1      | Reached XP level 1. HP: 13/13 MP: 4/4
    22 | D:1      | Noticed a great orb of eyes
    24 | D:1      | Found a faded altar of an unknown god.
    26 | D:1      | Noticed a golden eye
    26 | D:1      | Noticed a great orb of eyes
    26 | D:1      | Noticed a great orb of eyes
    52 | D:1      | Reached skill level 1 in Translocations
   241 | D:1      | Gained mutation: Spells you cast may paralyse adjacent
                  | enemies. [demonic ancestry]
   241 | D:1      | Reached XP level 2. HP: 18/19 MP: 1/6
  1122 | D:1      | Reached XP level 3. HP: 21/24 MP: 7/7
  1529 | D:2      | Identified the +5 dagger "Pior" {flame, rCorr Int+6}
  2293 | D:3      | Reached XP level 4. HP: 30/30 MP: 9/9
  2373 | D:3      | Noticed Natasha
  2382 | D:3      | Killed Natasha
  2485 | D:3      | Found Qoadeqos's Antique Weapon Emporium.
  2532 | D:3      | Reached skill level 4 in Spellcasting
  2761 | D:3      | Noticed Natasha
  2769 | D:3      | Killed Natasha
  2896 | D:3      | Reached XP level 5. HP: 35/35 MP: 7/11
  3054 | D:3      | Noticed Natasha
  3063 | D:3      | Killed Natasha
  3246 | D:4      | Learned a level 2 spell: Blink
  3283 | D:4      | Found Homnuis's Assorted Antiques.
  3532 | D:4      | Found Ixiob's Antique Armour Emporium.
  3865 | D:4      | Reached skill level 5 in Spellcasting
  3865 | D:4      | Gained mutation: Your touch may inflict minor irresistible
                  | damage on your foes. [demonic ancestry]
  3865 | D:4      | Reached XP level 6. HP: 41/41 MP: 9/13
  4050 | D:4      | Found a shadowy altar of Dithmenos.
  4756 | D:5      | Entered Level 5 of the Dungeon
  5159 | D:5      | Mangled by an ogre

Illustrated notes

Levels and vault maps discovered:
D:1:      spicycebolla_arrival_transporter_tutorial, layout_basic,
          hellmonk_ecumenical_altar_watching_god
D:2:      layout_loops_ring
D:3:      layout_basic, amcnicky_altar_gilded, serial_shops,
          nicolae_diamond_shop, minmay_misc_feat_four_crosses,
          nicolae_figureground_pulse, uniq_natasha
D:4:      layout_gridville, grunt_dithmenos_smoke_and_mirrors, serial_shops,
          shop, nicolae_shop_window_shopping
D:5:      layout_basic, minmay_hedge_maze

Skill      XL: |  1  2  3  4  5 |
---------------+----------------+-----
Translocations | 1 |  1.1
Conjurations   | 2 3 4 |  4.0
Spellcasting   | 4 5 |  5.7
Dodging        | |  1.9
Stealth        | |  1.9
Summonings     | |  1.2

Action                   |  1- 3 |  4- 6 || total
-------------------------+-------+-------++-------
Melee: Dagger            |    61 |    55 ||   116
       Touch             |       |     1 ||     1
 Cast: Magic Dart        |    40 |    94 ||   134
  Use: Scroll            |     5 |       ||     5
 Stab: Sleeping          |     4 |     2 ||     6
       Distracted        |     1 |       ||     1
       Paralysed         |       |     3 ||     3
Armor: Robe              |     7 |     6 ||    13
Dodge: Dodged            |    28 |    26 ||    54
